 Dungeon Crawl Stone Soup version 0.29.0-15-g675c0067aa (webtiles) character file.

Game seed: 18337658825694404

2 qw the Sneak (level 1, -8/14 HPs)
             Began as a Gargoyle Delver on Sept 11, 2022.
             Mangled by an orc warrior
             ... wielding a +0 short sword
              (10 damage)
             ... on level 5 of the Dungeon.
             The game lasted 00:00:03 (427 turns).

qw the Sneak (Gargoyle Delver)                       Turns: 427, Time: 00:00:04

Health: -8/14      AC:  5    Str: 15    XL:     1   Next: 30%
Magic:  1/1        EV: 11    Int: 10    God:
Gold:   0          SH:  0    Dex: 11    Spells: 0/0 levels left

rFire   . . .      SeeInvis .   a - +0 hand axe
rCold   . . .      Faith    .   (no shield)
rNeg    + . .      Spirit   .   b - +0 leather armour
rPois   inf        Reflect  .   (no helmet)
rElec   +          Harm     .   (no cloak)
rCorr   .          Rampage  .   (no gloves)
Will    .....                   (no boots)
Stlth   +++.......              (no amulet)
HPRegen 0.04/turn               (no ring)
MPRegen 0.07/turn               (no ring)

@: no status effects
A: sickness immunity, AC +2, negative energy resistance 1, electricity
resistance, torment resistance 1, petrification resistance
a: no special abilities


You were on level 5 of the Dungeon.
You visited 1 branch of the dungeon, and saw 1 of its levels.


Innate Abilities, Weirdness & Mutations

You are immune to sickness and miasma.
Your stone body is resilient. (AC +2)
You are immune to poison.
You resist negative energy. (rN+)
You are resistant to electric shocks. (rElec)
You are resistant to unholy torment.
You are immune to petrification.


   Skills:
 - Level 3.2 Fighting
 + Level 2.0 Axes
 - Level 1.5 Dodging
 - Level 5.4 Stealth


You couldn't memorise any spells.
You didn't know any spells.
Your spell library was empty.

Inventory:

Hand Weapons
 a - a +0 hand axe (weapon)
Armour
 b - a +0 leather armour (worn)
 h - a +0 ring mail
Wands
 g - a wand of digging (3)
Scrolls
 c - a scroll of fog
 d - a scroll of magic mapping
 e - a scroll of fear
Potions
 f - a potion of haste

Dungeon Overview and Level Annotations

Branches:
Dungeon (5/15)
 Temple: D:4-7

Altars:


Message History

You see here a scroll labelled ATIUFE UB BAK.
The orc shouts!
An orc warrior comes into view. It is wielding a +0 short sword.
418 ||| Stepping ~*~*~tactically~*~*~ (stealth).
The orc warrior moves out of view.
420 ||| Stepping ~*~*~tactically~*~*~ (stealth).
You barely miss the orc. The orc barely misses you.
The adder hisses angrily.
You hit the orc.
The orc is lightly wounded.
The orc hits you with a +0 dagger. The orc hits you but does no damage.
The orc warrior shouts!
You completely miss the orc.
The orc is lightly wounded.
You closely miss the orc warrior.
The orc warrior hits you with a +0 short sword.
The orc hits you with a +0 dagger.
You hit the orc.
The orc is moderately wounded.
You hit the orc warrior.
The orc warrior hits you but does no damage.
The orc barely misses you.
You hit the orc.
The orc is severely wounded.
You hit the orc warrior but do no damage.
The orc warrior closely misses you. The orc closely misses you.
You barely miss the orc.
The orc is severely wounded.
You hit the orc warrior but do no damage.
You hit the adder.
The orc warrior hits you with a +0 short sword.
The orc hits you but does no damage. The adder bites you.
You hit the orc but do no damage.
The orc is severely wounded.
You hit the orc warrior. You hit the adder. The adder closely misses you.
The orc warrior hits you with a +0 short sword!
Ouch! That really hurt!
You die...

################ #.
.....o.?.......# ..
.....###o#.###.####.
##. #o@S...#......
.........#........#
##
.#...###.#...#..#.#
... #..
#..........##.# .[.
.......#.........#
.#
########..#.##...##
#.......#.........#
#.......#..#..###..
#.......##.#..#....


You could see an orc warrior, an adder and an orc.

Vanquished Creatures
  An orc (D:5)
1 creature vanquished.

Notes
Turn   | Place    | Note
-------+----------+-------------------------------------------
     0 | D:5      | qw the Gargoyle Delver began the quest for the Orb.
     0 | D:5      | Reached XP level 1. HP: 14/14 MP: 1/1
     0 | D:5      | 0 ||| qw: Version: 0.1-a-117-gfe26ee0
     0 | D:5      | 0 ||| qw: Game counter: 10096
     0 | D:5      | 0 ||| qw: Always use a shield: true
     0 | D:5      | 0 ||| qw: God list: Okawaru
     0 | D:5      | 0 ||| qw: Allow faded altars: false
     0 | D:5      | 0 ||| qw: Do Orc after D:15 true
     0 | D:5      | 0 ||| qw: Do second Lair branch before Depths: true
     0 | D:5      | 0 ||| qw: Lair rune preference: random
     0 | D:5      | 0 ||| qw: Plans: Normal
     0 | D:5      | 0 ||| PLANNING D:1-11
    33 | D:5      | 33 ||| Stepping ~*~*~tactically~*~*~ (hiding).
   135 | D:5      | 135 ||| Stepping ~*~*~tactically~*~*~ (hiding).
   197 | D:5      | 197 ||| Stepping ~*~*~tactically~*~*~ (stealth).
   198 | D:5      | 198 ||| Stepping ~*~*~tactically~*~*~ (hiding).
   300 | D:5      | 300 ||| Stepping ~*~*~tactically~*~*~ (hiding).
   418 | D:5      | Noticed an orc warrior
   418 | D:5      | 418 ||| Stepping ~*~*~tactically~*~*~ (stealth).
   420 | D:5      | 420 ||| Stepping ~*~*~tactically~*~*~ (stealth).
   426 | D:5      | HP: 2/14 [adder (3)]
   427 | D:5      | Mangled by an orc warrior

Levels and vault maps discovered:
D:5:      layout_loops_cross

Skill      XL: |  1 |
---------------+----+-----
Axes           | 2 |  2.0
Fighting       | |  3.2
Dodging        | |  1.5
Stealth        | |  5.4

Action                   || total
-------------------------++-------
Melee: Hand axe          ||    10
Armor: Leather armour    ||     5
Dodge: Dodged            ||     7

Table legend:
 A = Non-vault XP
 B = Vault XP
 C = Vault XP percentage of total XP
 D = Non-vault monster count
 E = Vault monster count
 F = Vault count percentage of total count
                 A         B        C        D         E       F
            +---------+---------+-------+---------+---------+-------
      Total |       3 |       0 |   0.0 |       1 |       0 |   0.0
            +---------+---------+-------+---------+---------+-------
        D:5 |       3 |       0 |   0.0 |       1 |       0 |   0.0
            +---------+---------+-------+---------+---------+-------
